 Dungeon Crawl Stone Soup version 0.27.1 (webtiles) character file.

Game seed: 17087640631439179338

6405 H0rd4k the Summoner (level 10, -3/66 HPs)
             Began as a Barachi Summoner on Aug 30, 2021.
             Was a Priest of Qazlal.
             Slain by a two-headed ogre (22 damage)
             ... on level 11 of the Dungeon.
             The game lasted 00:33:37 (15309 turns).

H0rd4k the Summoner (Barachi Summoner)             Turns: 15309, Time: 00:33:38

Health: -3/66      AC:  5    Str: 10    XL:     10   Next: 98%
Magic:  15/25      EV: 12    Int: 18    God:    Qazlal [***...]
Gold:   734        SH:  8    Dex:  9    Spells: 11/31 levels left

rFire    + + +     SeeInvis .   n - staff of air
rCold    . . .     Faith    .   (no shield)
rNeg     + . .     Spirit   .   M - +1 leather armour of the Equinox {rF+++ rN+ Dex-4 Stlth-}
rPois    .         Reflect  +   p - +1 hat
rElec    +         Harm     .   (no cloak)
rCorr    .         Rampage  .   (no gloves)
Will     .....                  (no boots)
Stlth    ..........             h - amulet of reflection
HPRegen  0.21/turn              (no ring)
MPRegen  0.19/turn              (no ring)

@: about to teleport, unable to hop, slow
A: amphibious, slowness 1, strong legs 1, +LOS
a: Hop, Renounce Religion, Upheaval, Elemental Force


You were on level 11 of the Dungeon.
You worshipped Qazlal.
Qazlal was most pleased with you.
You visited 2 branches of the dungeon, and saw 12 of its levels.
You also visited: Bailey.

You collected 734 gold pieces.

Inventory:

Hand Weapons
 d - a +4 falchion
 m - a +3 dagger of venom
 s - a +0 dagger of freezing
 C - the +7 long sword "Ketwegu" {freeze, Fly rF+ Int-2}
   (You found it on level 6 of the Dungeon)

   It freezes those it strikes, dealing additional cold damage.
   It can also slow down cold-blooded creatures.
   Int:       It affects your intelligence (-2).
   rF:        It protects you from fire.
   Fly:       It grants you flight.
Missiles
 o - 41 poisoned darts
 E - 2 throwing nets
Armour
 p - a +1 hat (worn)
 J - a +1 robe of willpower
 M - the +1 leather armour of the Equinox (worn) {rF+++ rN+ Dex-4 Stlth-}
   (You found it on level 10 of the Dungeon)

   Dex:       It affects your dexterity (-4).
   rF:        It renders you almost immune to fire.
   rN:        It protects you from negative energy.
   Stlth:     It makes you less stealthy.
Magical Staves
 n - a staff of air (weapon)
Jewellery
 h - an amulet of reflection (around neck)
Wands
 l - a wand of iceblast (7)
 B - a wand of paralysis (13)
 N - a wand of flame (17)
Scrolls
 b - 2 scrolls of holy word {unknown}
 c - 5 scrolls of noise {unknown}
 f - 7 scrolls of teleportation
 g - 4 scrolls of magic mapping
 j - a scroll of torment {unknown}
 k - 3 scrolls of summoning
 u - a scroll of brand weapon {unknown}
 v - 2 scrolls of enchant armour {unknown}
 y - 2 scrolls of immolation {unknown}
 A - 2 scrolls of fog
 F - a scroll of blinking {unknown}
 H - 2 scrolls of fear {unknown}
 I - 2 scrolls of enchant weapon {unknown}
 L - a scroll of amnesia {unknown}
 O - 3 scrolls of vulnerability {unknown}
Potions
 e - a potion of mutation
 i - 3 potions of flight
 q - 4 potions of haste
 r - 4 potions of curing
 t - 3 potions of might
 w - 3 potions of lignification
 x - a potion of invisibility
 z - 2 potions of brilliance
 D - 4 potions of magic
 G - 2 potions of heal wounds
Miscellaneous
 K - a lightning rod (1/4)


   Skills:
 + Level 1.4 Fighting
 + Level 0.7 Short Blades
 + Level 4.0 Dodging
 - Level 1.7 Stealth
 + Level 2.7 Shields
 + Level 0.1 Unarmed Combat
 + Level 11.1 Spellcasting
 + Level 12.5 Summonings
 + Level 4.8 Air Magic
 * Level 0.6 Poison Magic
 + Level 1.0 Evocations


You had 11 spell levels left.
You knew the following spells:

 Your Spells              Type           Power      Damage    Failure   Level
a - Summon Small Mammal   Summ           100%       N/A       1%          1
b - Call Canine Familiar  Summ           53%        N/A       1%          3
c - Summon Lightning Spi  Summ/Air       58%        N/A       2%          4
d - Static Discharge      Conj/Air       27%        N/A       5%          2
e - Olgreb's Toxic Radia  Pois           12%        N/A       58%         4
f - Eringya's Noxious Bo  Tmut/Pois      5%         N/A       100%        6

Your spell library contained the following spells:

 Spells                   Type           Power      Damage    Failure   Level
 Call Imp                 Summ           53%        N/A       1%          2
 Summon Guardian Golem    Hex/Summ       32%        N/A       2%          3
 Corpse Rot               Necr/Air       N/A        N/A       5%          2
 Spider Form              Tmut/Pois      5%         N/A       26%         3
 Petrify                  Tmut/Erth      10%        N/A       67%         4
 Metabolic Englaciation   Hex/Ice        5%         N/A       95%         5
 Spellforged Servitor     Conj/Summ      16%        N/A       99%         7
 Statue Form              Tmut/Erth      6%         N/A       100%        6
 Orb of Destruction       Conj           5%         9d2       100%        7
 Chain Lightning          Conj/Air       13%        3d18      100%        9


Dungeon Overview and Level Annotations

Branches:
Dungeon (11/15)            Temple (1/1) D:5            Lair (0/6) D:10
 Bailey (visited)
    Orc: D:9-12

Altars:
Ashenzari
Cheibriados
Dithmenos
Elyvilon
Fedhas
Gozag
Hepliaklqana
Kikubaaqudgha
Makhleb
Nemelex Xobeh
Okawaru
Qazlal
Ru
Sif Muna
Trog
Uskayaw
Vehumet
Wu Jian
Xom
Yredelemnul
Zin
The Shining One

Annotations:
D:4 exclusion: water moccasin
D:6 2 transporters, Ishikawa's ghost, novice MiFi


Innate Abilities, Weirdness & Mutations

You are amphibious.
You cover ground slowly.
You can hop short distances.
You have an extended range of vision and can be seen from far away.


Message History

Qazlal accepts your kill.
The bolt of electricity hits your lightning spire.
Your lightning spire completely resists.
A troll comes into view.
Your lightning spire shoots out a bolt of lightning at the two-headed ogre!
The bolt of electricity hits the two-headed ogre!
The two-headed ogre completely misses you.
The two-headed ogre misses you.
Casting: Summon Lightning Spire (dangerous; 2% risk of failure)
Confirm with . or Enter, or press ? or * to list all spells.
The centaur warrior zombie misses your warg.
The centaur warrior zombie barely misses your warg.
The centaur warrior zombie hits your warg.
The centaur warrior zombie barely misses your warg.
Your warg barely misses the two-headed ogre.
The troll bites something.
The troll claws something.
The troll claws something!
The two-headed ogre hits you with a +0 giant club!!
The two-headed ogre hits you with a +0 giant spiked club!!
You block the centaur warrior zombie's attack.
The centaur warrior zombie kicks you but does no damage.
Your legs are too worn out to hop.
Unknown command.
Unknown command.
As you read the scroll of teleportation, it crumbles to dust.
You feel strangely unstable.
You block the centaur warrior zombie's attack.
The centaur warrior zombie kicks you.
* * * LOW HITPOINT WARNING * * *
Your warg barely misses the centaur warrior zombie.
Something closely misses your warg. x2; Something claws your warg!
The centaur warrior zombie hits you but does no damage.
You block the centaur warrior zombie's attack.
Your warg bites the centaur warrior zombie!
Something bites your warg.
Your warg dies!
Your warg's corpse disappears in a puff of smoke!
The two-headed ogre closely misses you.
The two-headed ogre hits you with a +0 giant spiked club!!
You die...

##### #...## ###....#
#...≈..# #...≈..#
#..≈≈..# #.≈.○..#
#.≈O@..#..
#.≈Z.......#
#######T######.#.#
#/.......8<..# #
#.#####T####.#
..........Z..........#
####.#########.#####.#
.. .#.


You could see a two-headed ogre, a troll and a centaur warrior zombie.

Vanquished Creatures
  3 hornets
  A wyvern (D:9)
  A steam dragon (D:9)
  An ogre (D:7)
  A hound (D:7)
  A centaur zombie (D:8)
  An orc priest (D:6)
  2 iguanas (D:6)
  2 orc wizards
  An adder (D:3)
  3 orcs
  An endoplasm (D:4)
  A hobgoblin (D:3)
  5 kobolds
24 creatures vanquished.

Vanquished Creatures (collateral kills)
  An orc warlord (Bailey)
  2 two-headed ogres (D:9)
  A komodo dragon (D:10)
  A kobold demonologist (D:10)
  A troll (D:10)
  2 hornets
  8 yaks
  A basilisk (D:10)
  2 wyverns
  3 steam dragons
  An acid dragon (D:10)
  A water moccasin (D:8)
  3 orc warriors
  2 ice beasts
  4 sky beasts
  6 centaurs
  5 ogres
  5 kobold brigands (D:10)
  A phantom (D:5)
  2 bullfrogs
  A gnoll sergeant (D:7)
  A water moccasin zombie (D:5)
  7 killer bees
  2 howler monkeys
  10 wights
  A bullfrog zombie (D:6)
  3 centaur zombies
  2 hounds
  2 orc priests (D:6)
  A centaur skeleton (D:6)
  A gnoll shaman (D:8)
  6 orc wizards
  3 killer bee zombies
  2 hound skeletons
  15 gnolls
  4 adders
  A howler monkey skeleton (D:6)
  3 shadow imps
  A white imp (D:6)
  An adder zombie (D:5)
  3 worms
  4 dart slugs
  21 orcs
  2 ball pythons
  An endoplasm (D:7)
  4 giant cockroaches
  13 hobgoblins
  3 quokkas
  3 bats
  A frilled lizard (D:1)
  14 goblins
  19 kobolds
  4 rats
211 creatures vanquished.

Vanquished Creatures (others)
  A wight (D:8)
  An orc wizard (D:9)
  66 plants
68 creatures vanquished.

Grand Total: 303 creatures vanquished

Notes
Turn   | Place    | Note
-------+----------+-------------------------------------------
     0 | D:1      | H0rd4k the Barachi Summoner began the quest for the Orb.
     0 | D:1      | Reached XP level 1. HP: 13/13 MP: 3/3
   105 | D:1      | Reached skill level 5 in Summonings
   289 | D:1      | Reached XP level 2. HP: 18/19 MP: 0/5
  1299 | D:2      | Found a faded altar of an unknown god.
  2075 | D:3      | Reached XP level 3. HP: 24/24 MP: 2/7
  2079 | D:3      | Learned a level 3 spell: Call Canine Familiar
  2592 | D:3      | Noticed a sky beast
  2664 | D:3      | Killed a sky beast
  2665 | D:3      | Reached XP level 4. HP: 22/30 MP: 1/9
  3243 | D:4      | Noticed a water moccasin
  3365 | D:4      | Reached XP level 5. HP: 35/35 MP: 11/11
  3513 | D:4      | Reached skill level 6 in Summonings
  4331 | D:5      | Entered Level 5 of the Dungeon
  4439 | D:5      | Found a staircase to the Ecumenical Temple.
  4470 | Temple   | Entered the Ecumenical Temple
  4640 | Temple   | Became a worshipper of Qazlal Stormbringer
  4661 | D:5      | Noticed an ogre
  4685 | D:5      | Killed an ogre
  4686 | D:5      | Reached XP level 6. HP: 23/42 MP: 5/12
  4919 | D:5      | Reached skill level 7 in Summonings
  4958 | D:5      | Found a bloodstained altar of Trog.
  5226 | D:5      | Reached skill level 5 in Spellcasting
  5605 | D:5      | Found an opulent altar of Gozag.
  5667 | D:5      | Reached XP level 7. HP: 47/47 MP: 3/14
  5928 | D:5      | Noticed a hornet
  6170 | D:5      | Found a snail-covered altar of Cheibriados.
  6481 | D:5      | Killed a hornet
  6482 | D:5      | Reached skill level 8 in Summonings
  6861 | D:6      | Reached skill level 1 in Fighting
  7311 | D:6      | Noticed a wraith
  7345 | D:6      | Found a transporter.
  7345 | D:6      | Noticed Ishikawa's ghost (novice MiFi)
  7357 | D:6      | Noticed a vampire
  7393 | D:6      | Found a transporter.
  7528 | D:6      | Reached XP level 8. HP: 44/54 MP: 13/17
  7655 | D:6      | Found a shimmering altar of Xom.
  7979 | D:6      | Found an ornate altar of the Wu Jian Council.
  8040 | D:6      | Reached skill level 9 in Summonings
  8337 | D:6      | Identified the +7 long sword "Ketwegu" {freeze, Fly rF+
                  | Int-2}
  8582 | D:7      | Reached * piety under Qazlal
  8775 | D:7      | Reached skill level 1 in Shields
  8879 | D:7      | Noticed a hornet
  8895 | D:7      | Killed a hornet
  9243 | D:7      | Found a sparkling altar of Nemelex Xobeh.
  9443 | D:8      | Found a flagged portal.
  9452 | D:8      | Learned a level 4 spell: Summon Lightning Spire
  9475 | D:8      | Found a sacrificial altar of Ru.
  9608 | Bailey   | Entered a bailey
  9613 | Bailey   | Noticed an orc warlord
  9754 | Bailey   | Found a runed translucent gate.
  9756 | Bailey   | Found a runed translucent gate.
  9758 | Bailey   | Found a runed translucent gate.
  9793 | Bailey   | Reached skill level 1 in Air Magic
  9793 | Bailey   | Reached XP level 9. HP: 18/59 MP: 15/20
 10184 | Bailey   | Killed an orc warlord
 10185 | Bailey   | Reached skill level 10 in Summonings
 10346 | Bailey   | Acquired the Incunabulum of Poison and Weightlessness
 10348 | Bailey   | Acquired a staff of air
 10370 | Bailey   | Learned a level 2 spell: Static Discharge
 10811 | D:8      | Reached ** piety under Qazlal
 11998 | D:9      | Reached skill level 11 in Summonings
 12015 | D:9      | Reached XP level 10. HP: 66/66 MP: 14/23
 12464 | D:9      | Found a blossoming altar of Fedhas.
 12736 | D:9      | Noticed a two-headed ogre
 12743 | D:9      | Killed a two-headed ogre
 12744 | D:9      | Reached skill level 10 in Spellcasting
 12789 | D:9      | Noticed a two-headed ogre
 12799 | D:9      | Killed a two-headed ogre
 13654 | D:10     | Entered Level 10 of the Dungeon
 13659 | D:10     | Identified the +1 leather armour of the Equinox {rF+++ rN+
                  | Dex-4 Stlth-}
 13704 | D:10     | Reached skill level 12 in Summonings
 13967 | D:10     | Found a staircase to the Lair.
 14378 | D:10     | Reached skill level 1 in Evocations
 14459 | D:10     | Noticed a kobold demonologist
 14480 | D:10     | Killed a kobold demonologist
 14692 | D:10     | Reached *** piety under Qazlal
 15266 | D:10     | Learned a level 4 spell: Olgreb's Toxic Radiance
 15273 | D:10     | Learned a level 6 spell: Eringya's Noxious Bog
 15296 | D:11     | Noticed a two-headed ogre
 15309 | D:11     | Slain by a two-headed ogre

Illustrated notes

Levels and vault maps discovered:
D:1:      dpeg_arrival_morbid_curiosity, layout_rooms, minmay_misc_feat_pillars,
          st_stairs_8
D:2:      layout_rooms, hellmonk_ecumenical_altar_lost_god,
          minmay_misc_feat_encased, minivault_14
D:3:      corexii_shack_village, layout_basic, grunt_ministairs_14,
          serial_bayou_ford_a
D:4:      layout_loops_ring
D:5:      layout_loops_ring, mainiacjoe_overflow_small_starburst,
          cheibriados_altar_1, nicolae_gozag_seed_capital,
          minmay_temple_entry_arrows
D:6:      layout_basic, mainiacjoe_overflow_catch_the_wave,
          gammafunk_ghost_mausoleum, dk_rats_in_the_wall
D:7:      layout_rooms, nemelex_dance_club_becter
D:8:      layout_rooms, nicolae_ru_awakened_eye, enter_bailey_2,
          minmay_increasing_density
D:9:      layout_basic, mainiacjoe_overflow_paths
D:10:     layout_basic, erik_lair_dragon
D:11:     minmay_the_grid_4x2 [minmay_the_grid_mess, minmay_the_grid_large_cup,
          minmay_the_grid_gridbox, minmay_the_grid_diamond_grid,
          minmay_the_grid_paths, minmay_the_grid_dragon_b,
          minmay_the_grid_broken_lines, minmay_the_grid_prize_diamond_cup],
          layout_loops_ring, orc_0_dummy, gammafunk_ghost_hydra_chop,
          portal_ice_cave_entry_imps, chequers_serial_rivers_micro_c,
          uniq_josephine
Temple:   eino_narrow_crystal_temple

Skill      XL: |  1  2  3  4  5  6  7  8  9 10 |
---------------+-------------------------------+-----
Summonings     | 5 6 7 8 9 11 12 | 12.5
Spellcasting   | 3 4 5 6 7 9 11 | 11.1
Fighting       | 1 |  1.4
Dodging        | 3 4 |  4.0
Shields        | 1 2 |  2.7
Air Magic      | 1 3 4 |  4.8
Evocations     | 1 |  1.0
Short Blades   | |  0.7
Stealth        | |  1.7
Unarmed Combat | |  0.1
Poison Magic   | |  0.6

Action                   |  1- 3 |  4- 6 |  7- 9 | 10-12 || total
-------------------------+-------+-------+-------+-------++-------
Melee: Unarmed           |     5 |       |       |       ||     5
       Dagger            |     2 |    15 |    56 |       ||    73
       Staff             |       |       |     1 |     4 ||     5
 Cast: Summon Small Mamm |   123 |    30 |    63 |     5 ||   221
       Call Canine Famil |     3 |    37 |    52 |    20 ||   112
       Summon Lightning  |       |       |    30 |    35 ||    65
       Static Discharge  |       |       |     6 |       ||     6
 Abil: Hop               |       |       |     5 |     7 ||    12
Evoke: Wand              |       |       |     6 |     3 ||     9
       Lightning rod     |       |       |       |     3 ||     3
  Use: Potion            |       |       |    10 |       ||    10
       Scroll            |       |       |     9 |     3 ||    12
 Stab: Sleeping          |       |       |     1 |       ||     1
Armor: Robe              |    13 |     6 |    13 |       ||    32
       Skin              |       |       |     2 |       ||     2
       Leather armour    |       |       |       |     4 ||     4
Dodge: Dodged            |    31 |    30 |    85 |    19 ||   165
Block: Other             |     7 |    15 |    49 |    14 ||    85
       Reflection        |       |       |     8 |     3 ||    11
